General information
- name: BNet
- type: Ladder team game (AT/RT)
- host: Battle.net
- saver: CakeBelyswell23
map: TwilightRuins
- players: 8
- length: 40:50
- speed: Fast
- version: 1.28 W3XP
- replay type: Public
» download(298 KB)
Players
team 1 (loser)
|cffff1492Gaia (
blue | 88 APM | 2984 actions | 34:03)
8 Pandaren Brewmaster
3 Breath of Fire
2 Drunken Haze
1 Storm Earth and Fire
2 Drunken Brawler
4 Death Knight
2 Death Coil
1 Animate Dead
1 Unholy Aura
1 Priestess of the Moon
1 Searing Arrows
» actions
| Assign group hotkey | 43 | |
| Basic commands | 107 | |
| Build / train | 98 | |
| Enter build submenu | 17 | |
| Enter hero's abilities submenu | 13 | |
| Give item / drop item | 3 | |
| Remove unit from queue | 2 | |
| Right click | 1286 | |
| Select / deselect | 454 | |
| Select group hotkey | 867 | |
| Use ability | 94 | |
2984 total
» units
| Wisp | 11 | |
| Archer | 33 | |
| Druid of the Claw | 1 | |
| Crypt Fiend | 6 | |
| Ghoul | 10 | |
61 total
» upgrades
| Improved Bows | 1 | |
| Marksmanship | 1 | |
| Strength of the Moon | 3 | |
| Moon Armor | 1 | |
| Druid of the Claw Training | 1 | |
| Nature's Blessing | 1 | |
8 total
» buildings
| Moon Well | 8 | |
| Ancient of War | 2 | |
| Altar of Elders | 1 | |
| Tree of Ages | 1 | |
| Tree of Eternity | 1 | |
| Hunter's Hall | 1 | |
| Ancient of Lore | 1 | |
| Crypt | 1 | |
16 total
» build order
00:08 Moon Well
00:15 Ancient of War
00:37 Altar of Elders
01:38 Moon Well
01:46 Moon Well
02:07 Ancient of War
02:50 Moon Well
04:09 Moon Well
05:11 Tree of Ages
06:38 Moon Well
06:39 Moon Well
06:40 Moon Well
07:38 Tree of Eternity
11:21 Hunter's Hall
13:36 Ancient of Lore
15:10 Crypt
» items
| Staff of Teleportation | 1 | |
| Potion of Lesser Invulnerability | 2 | |
| Potion of Invisibility | 3 | |
| Scroll of Town Portal | 3 | |
| Scroll of Healing | 1 | |
10 total
CryptOCurrency (
orange | 86 APM | 1255 actions | 14:40)
3 Death Knight
1 Death Coil
2 Unholy Aura
» actions
| Assign group hotkey | 35 | |
| Basic commands | 133 | |
| Build / train | 48 | |
| ESC pressed | 1 | |
| Enter build submenu | 17 | |
| Enter hero's abilities submenu | 3 | |
| Remove unit from queue | 1 | |
| Right click | 680 | |
| Select / deselect | 181 | |
| Select group hotkey | 106 | |
| Use ability | 50 | |
1255 total
» units
| Acolyte | 15 | |
| Ghoul | 4 | |
| Crypt Fiend | 6 | |
| Frost Wyrm | 3 | |
28 total
» upgrades
| Creature Attack | 1 | |
| Creature Carapace | 1 | |
| Web | 1 | |
| Freezing Breath | 1 | |
4 total
» buildings
| Graveyard | 1 | |
| Ziggurat | 6 | |
| Altar of Darkness | 1 | |
| Crypt | 1 | |
| Tomb of Relics | 1 | |
| Spirit Tower | 2 | |
| Halls of the Dead | 1 | |
| Nerubian Tower | 1 | |
| Black Citadel | 1 | |
| Necropolis | 1 | |
| Sacrificial Pit | 1 | |
| Boneyard | 2 | |
19 total
» build order
00:07 Graveyard
00:16 Ziggurat
00:36 Altar of Darkness
00:56 Crypt
01:14 Tomb of Relics
01:28 Ziggurat
02:29 Spirit Tower
04:07 Halls of the Dead
04:50 Ziggurat
05:45 Nerubian Tower
06:33 Black Citadel
06:37 Necropolis
07:54 Sacrificial Pit
08:47 Spirit Tower
09:57 Boneyard
09:58 Boneyard
13:32 Ziggurat
13:32 Ziggurat
13:38 Ziggurat
» items
| Rod of Necromancy | 2 | |
| Dust of Appearance | 1 | |
| Scroll of Town Portal | 1 | |
| Potion of Healing | 2 | |
6 total

»
Hitdawg (
red | 30 APM | 1016 actions | 34:03)
7 Far Seer
3 Feral Spirit
3 Chain Lighting
1 Earth Quake
4 Shadow Hunter
2 Healing Wave
2 Hex
» actions
| Assign group hotkey | 11 | |
| Basic commands | 35 | |
| Build / train | 116 | |
| Enter build submenu | 25 | |
| Enter hero's abilities submenu | 12 | |
| Give item / drop item | 3 | |
| Remove unit from queue | 4 | |
| Right click | 355 | |
| Select / deselect | 309 | |
| Select group hotkey | 38 | |
| Use ability | 108 | |
1016 total
» units
| Peon | 19 | |
| Grunt | 6 | |
| Goblin Shredder | 1 | |
| Raider | 2 | |
| Wind Rider | 9 | |
| Kodo Beast | 2 | |
| Shaman | 12 | |
| Troll Batrider | 10 | |
| Crypt Fiend | 6 | |
| Troll Headhunter/Berserker | 7 | |
74 total
» upgrades
| Ranged Weapons | 3 | |
| Armor | 3 | |
| Berserker Strength | 1 | |
| Shaman Training | 2 | |
| Envenomed Spears | 1 | |
| War Drums Damage Increase | 1 | |
| Ensnare | 1 | |
| Liquid Fire | 1 | |
| Creature Attack | 1 | |
| Creature Carapace | 1 | |
| Berserker Upgrade | 1 | |
16 total
» buildings
| Altar of Storms | 1 | |
| Orc Burrow | 7 | |
| Barracks | 1 | |
| Voodoo Lounge | 1 | |
| Stronghold | 1 | |
| Great Hall | 3 | |
| War Mill | 1 | |
| Fortress | 1 | |
| Spirit Lodge | 1 | |
| Beastiary | 2 | |
| Watch Tower | 2 | |
| Ziggurat | 4 | |
25 total
» build order
00:07 Altar of Storms
00:14 Orc Burrow
00:40 Barracks
01:28 Orc Burrow
01:41 Voodoo Lounge
02:57 Orc Burrow
03:56 Stronghold
04:51 Great Hall
05:09 War Mill
06:30 Fortress
06:43 Spirit Lodge
08:28 Beastiary
08:30 Beastiary
09:18 Watch Tower
10:25 Watch Tower
11:12 Orc Burrow
11:14 Orc Burrow
13:14 Orc Burrow
13:18 Orc Burrow
18:12 Ziggurat
18:15 Ziggurat
18:18 Ziggurat
18:19 Ziggurat
19:17 Great Hall
22:24 Great Hall
» items
| Dust of Appearance | 1 | |
| Healing Salve | 2 | |
| Scroll of Protection | 1 | |
| Potion of Lesser Invulnerability | 1 | |
| Periapt of Vitality | 1 | |
6 total

»
Amir (
pink | 28 APM | 962 actions | 34:03)
6 Priestess of the Moon
3 Trueshot Aura
2 Searing Arrows
1 Starfall
» actions
| Assign group hotkey | 13 | |
| Build / train | 60 | |
| Enter build submenu | 14 | |
| Enter hero's abilities submenu | 6 | |
| Give item / drop item | 1 | |
| Remove unit from queue | 5 | |
| Right click | 502 | |
| Select / deselect | 258 | |
| Select group hotkey | 65 | |
| Use ability | 38 | |
962 total
» units
| Wisp | 10 | |
| Chimaera | 20 | |
| Frost Wyrm | 1 | |
31 total
» upgrades
| Corrosive Breath | 1 | |
| Well Spring | 1 | |
| Ultravision | 1 | |
| Strength of the Wild | 3 | |
| Reinforced Hides | 3 | |
9 total
» buildings
| Moon Well | 7 | |
| Tree of Ages | 2 | |
| Altar of Elders | 1 | |
| Hunter's Hall | 1 | |
| Tree of Eternity | 1 | |
| Ancient of Wind | 1 | |
| Chimaera Roost | 3 | |
16 total
» build order
00:10 Moon Well
01:14 Tree of Ages
01:14 Tree of Ages
01:29 Altar of Elders
02:15 Hunter's Hall
04:03 Tree of Eternity
05:22 Ancient of Wind
06:29 Chimaera Roost
06:35 Chimaera Roost
06:40 Chimaera Roost
07:49 Moon Well
07:53 Moon Well
08:02 Moon Well
08:09 Moon Well
08:47 Moon Well
09:35 Moon Well
» items
team 2 (winner)
CakeBelyswell23 (
yellow | 16 APM | 661 actions | 40:50)
2 Blademaster
2 Mirror Image
» actions
| Assign group hotkey | 4 | |
| Basic commands | 5 | |
| Build / train | 37 | |
| Enter build submenu | 31 | |
| Enter hero's abilities submenu | 2 | |
| Right click | 343 | |
| Select / deselect | 168 | |
| Select group hotkey | 17 | |
| Use ability | 54 | |
661 total
» units
» upgrades
| Masonry | 3 | |
| Lumber Harvesting | 2 | |
5 total
» buildings
| Lumber Mill | 1 | |
| Scout Tower | 23 | |
| Arcane Tower | 3 | |
| Guard Tower | 16 | |
| Keep | 1 | |
| Altar of Kings | 1 | |
| Castle | 1 | |
| Town Hall | 1 | |
| Tree of Life | 2 | |
49 total
» build order
00:42 Lumber Mill
01:19 Scout Tower
01:24 Scout Tower
01:26 Scout Tower
01:35 Scout Tower
01:40 Scout Tower
01:49 Arcane Tower
01:50 Scout Tower
01:53 Guard Tower
02:12 Guard Tower
02:22 Arcane Tower
02:30 Scout Tower
03:00 Guard Tower
03:01 Guard Tower
03:39 Guard Tower
03:44 Scout Tower
03:45 Scout Tower
04:53 Guard Tower
04:55 Scout Tower
04:59 Scout Tower
05:23 Scout Tower
05:53 Guard Tower
06:12 Keep
08:02 Scout Tower
08:34 Guard Tower
10:00 Scout Tower
10:04 Scout Tower
10:07 Scout Tower
10:10 Scout Tower
10:12 Scout Tower
10:15 Scout Tower
10:30 Guard Tower
10:32 Guard Tower
10:39 Guard Tower
10:42 Guard Tower
10:47 Guard Tower
10:48 Guard Tower
12:31 Altar of Kings
13:35 Scout Tower
13:53 Castle
14:04 Arcane Tower
14:06 Scout Tower
14:10 Scout Tower
14:35 Guard Tower
15:04 Guard Tower
18:16 Town Hall
19:28 Scout Tower
27:15 Tree of Life
27:41 Tree of Life
respectFEMlNISM (
teal | 49 APM | 1137 actions | 23:20)
7 Archmage
3 Blizzard
1 Brilliance Aura
2 Summon Water Elemental
1 Mass Teleport
» actions
| Build / train | 110 | |
| Enter build submenu | 26 | |
| Enter hero's abilities submenu | 7 | |
| Give item / drop item | 2 | |
| Remove unit from queue | 1 | |
| Right click | 634 | |
| Select / deselect | 277 | |
| Use ability | 80 | |
1137 total
» units
| Peasant | 27 | |
| Flying Machine | 25 | |
| Mortar Team | 8 | |
60 total
» upgrades
| Masonry | 3 | |
| Lumber Harvesting | 1 | |
| Gunpowder | 2 | |
| Plating | 1 | |
| Flak Cannons | 1 | |
| Flying Machine Bombs | 1 | |
| Fragmentation Shards | 1 | |
| Armor | 1 | |
11 total
» buildings
| Altar of Kings | 1 | |
| Farm | 7 | |
| Scout Tower | 3 | |
| Arcane Tower | 1 | |
| Lumber Mill | 4 | |
| Keep | 1 | |
| Guard Tower | 8 | |
| Arcane Vault | 1 | |
| Town Hall | 1 | |
| Castle | 1 | |
| Blacksmith | 1 | |
| Workshop | 6 | |
35 total
» build order
00:48 Altar of Kings
00:51 Farm
00:56 Scout Tower
01:10 Arcane Tower
01:30 Lumber Mill
01:49 Scout Tower
01:52 Scout Tower
03:04 Keep
03:06 Guard Tower
03:06 Guard Tower
03:12 Farm
03:14 Farm
03:15 Farm
03:18 Farm
03:26 Guard Tower
03:26 Guard Tower
03:54 Arcane Vault
06:08 Lumber Mill
10:07 Town Hall
10:50 Lumber Mill
14:20 Castle
14:34 Guard Tower
14:34 Guard Tower
14:35 Guard Tower
14:36 Guard Tower
16:20 Blacksmith
17:01 Workshop
17:04 Workshop
17:07 Workshop
17:13 Workshop
17:17 Workshop
18:22 Lumber Mill
19:10 Workshop
19:22 Farm
19:24 Farm
» items
| Scroll of Regeneration | 2 | |
| Lesser Clarity Potion | 2 | |
| Boots of Speed | 1 | |
| Staff of Teleportation | 1 | |
| Potion of Invisibility | 2 | |
| Potion of Lesser Invulnerability | 2 | |
| Scroll of Town Portal | 1 | |
| Ivory Tower | 5 | |
16 total
GirlGamer (
green | 88 APM | 2100 actions | 23:50)
8 Blademaster
3 Wind Walk
3 Critical Strike
1 Bladestorm
1 Mirror Image
» actions
| Assign group hotkey | 172 | |
| Build / train | 84 | |
| Enter build submenu | 36 | |
| Enter hero's abilities submenu | 9 | |
| Give item / drop item | 9 | |
| Right click | 792 | |
| Select / deselect | 265 | |
| Select group hotkey | 475 | |
| Use ability | 258 | |
2100 total
» units
» upgrades
| Spiked Barricades | 1 | |
| Ranged Weapons | 2 | |
| Liquid Fire | 1 | |
| Armor | 3 | |
| Reinforced Defenses | 1 | |
8 total
» buildings
| Altar of Storms | 1 | |
| Orc Burrow | 5 | |
| Voodoo Lounge | 1 | |
| War Mill | 1 | |
| Stronghold | 2 | |
| Great Hall | 2 | |
| Watch Tower | 19 | |
| Fortress | 2 | |
| Beastiary | 4 | |
37 total
» build order
00:09 Altar of Storms
00:20 Orc Burrow
00:47 Voodoo Lounge
01:49 War Mill
02:47 Stronghold
02:47 Stronghold
03:24 Great Hall
03:41 Watch Tower
03:55 Watch Tower
04:39 Orc Burrow
04:43 Watch Tower
05:11 Watch Tower
05:38 Watch Tower
06:23 Fortress
06:23 Fortress
06:27 Watch Tower
07:03 Beastiary
07:06 Beastiary
07:09 Beastiary
07:16 Beastiary
07:47 Orc Burrow
13:54 Watch Tower
13:55 Watch Tower
13:55 Watch Tower
14:05 Orc Burrow
14:06 Orc Burrow
15:20 Watch Tower
15:22 Watch Tower
15:22 Watch Tower
18:17 Watch Tower
18:19 Watch Tower
18:21 Watch Tower
18:44 Watch Tower
18:46 Watch Tower
19:28 Watch Tower
19:29 Watch Tower
22:40 Great Hall
» items
| Healing Salve | 4 | |
| Lesser Clarity Potion | 7 | |
| Scroll of Speed | 1 | |
| Circlet of Nobility | 3 | |
| Boots of Speed | 2 | |
| Potion of Healing | 4 | |
| Orb of Lightning | 1 | |
| Potion of Mana | 3 | |
| Scroll of Town Portal | 4 | |
| Scroll of Regeneration | 2 | |
| Potion of Lesser Invulnerability | 1 | |
32 total
A1mless (
purple | 32 APM | 759 actions | 23:36)
3 Priestess of the Moon
2 Trueshot Aura
1 Searing Arrows
» actions
| Basic commands | 12 | |
| Build / train | 69 | |
| Enter build submenu | 24 | |
| Enter hero's abilities submenu | 3 | |
| Right click | 281 | |
| Select / deselect | 331 | |
| Use ability | 39 | |
759 total
» units
| Wisp | 14 | |
| Archer | 12 | |
| Hippogryph | 11 | |
| Chimaera | 12 | |
49 total
» upgrades
| Ultravision | 1 | |
| Strength of the Wild | 3 | |
| Reinforced Hides | 2 | |
| Moon Armor | 2 | |
| Strength of the Moon | 1 | |
| Improved Bows | 1 | |
| Hippogryph Taming | 1 | |
| Marksmanship | 1 | |
| Corrosive Breath | 1 | |
13 total
» buildings
| Moon Well | 18 | |
| Altar of Elders | 1 | |
| Ancient of War | 1 | |
| Ancient of Wonders | 1 | |
| Hunter's Hall | 1 | |
| Tree of Ages | 1 | |
| Tree of Eternity | 1 | |
| Ancient of Wind | 1 | |
| Chimaera Roost | 3 | |
| Tree of Life | 1 | |
29 total
» build order
00:43 Moon Well
01:10 Altar of Elders
01:21 Moon Well
01:58 Ancient of War
02:16 Ancient of Wonders
03:00 Moon Well
03:22 Hunter's Hall
04:27 Moon Well
05:33 Tree of Ages
05:44 Moon Well
05:50 Moon Well
05:53 Moon Well
07:54 Tree of Eternity
08:00 Ancient of Wind
08:54 Moon Well
08:55 Moon Well
10:19 Chimaera Roost
10:21 Chimaera Roost
10:23 Chimaera Roost
16:22 Tree of Life
16:25 Moon Well
16:25 Moon Well
16:25 Moon Well
16:26 Moon Well
16:26 Moon Well
16:27 Moon Well
16:56 Moon Well
16:56 Moon Well
17:13 Moon Well
Chat log
(00:05 / All) respectFEMlNISM: GL HF
(00:11 / Allies) respectFEMlNISM: who wants feed?
(00:22 / All) CakeBelyswell23: Bitches ain't shit but hoes and tricks
(00:25 / Allies) GirlGamer: don't need it
(00:28 / All) A1mless: i m wearing a trump hat around a liberal area tomorrow with a concealed gun
(00:28 / All) CakeBelyswell23: So suck on these balls and lick da dick
(00:30 / Allies) respectFEMlNISM: wanna mass rush
(00:31 / All) A1mless: i hope a liberal attacks me
(00:35 / All) A1mless: so i can shoot them dead legally
(00:41 / All) respectFEMlNISM: edgy
(00:51 / All) |cffff1492Gaia: liberal snowflakes are deteriorating the fabric of this nation
(00:58 / All) GirlGamer: agreed
(01:00 / All) A1mless: too bad attack and steal trump hat
(01:02 / All) A1mless: the liberal dies
(01:05 / All) CryptOCurrency: B I T C O I N
(01:17 / All) |cffff1492Gaia: cant even have free speech at public universities any more
(01:33 / All) GirlGamer: yeah you can gaia just not in any "safe spaces"
(01:33 / All) A1mless: at my publci university u can conceal carry
(01:34 / All) |cffff1492Gaia: because nigger lives matters shuts them down with threatrs of violence
(01:49 / All) A1mless: just conceal carry and if u have stand your ground
(01:52 / All) A1mless: shoot them dead
(02:26 / All) |cffff1492Gaia: black lives matter is responsible for 13 murders since its inception in 2014
(02:44 / All) CakeBelyswell23: Alt right responsible for 0
(02:45 / All) A1mless: the good thing about having terminal illness is if u wanted to kill liberals nothing is holding u back
(02:54 / All) CakeBelyswell23: Heather Heyer was a fat piece of shit htat had a heart attack
(02:56 / All) CakeBelyswell23: never hit by car
(03:28 / All) CakeBelyswell23: Commie professor brandished a semi auto at the kid that "rammed his car into a crowd" so he went some blocks away
(03:36 / All) CakeBelyswell23: then antifa there attacked his car and he paniced
(03:46 / All) A1mless: running your car into antifa is justified
(03:55 / All) A1mless: but its only worth it if u kill a dozen or more
(04:01 / All) CakeBelyswell23: YEah he killed 0
(04:08 / All) CakeBelyswell23: Heather Hayer wasn't even near the car, she died of a heart attack
(04:13 / All) CakeBelyswell23: she's fat as fuck
(04:18 / All) |cffff1492Gaia: as most feminists are
(04:29 / All) |cffff1492Gaia: they turn to feminism because they cnt get dick
(04:34 / All) |cffff1492Gaia: and al the pretty girls get attention
(04:49 / Allies) respectFEMlNISM: yellow no altar?
(05:01 / All) |cffff1492Gaia: who here thinks islam is a religion of peace
(05:09 / All) A1mless: islam isnt all that bad
(05:10 / Allies) respectFEMlNISM: yellow dude u trolling XD
(05:13 / All) CakeBelyswell23: Peace through domination
(05:16 / All) A1mless: one muslim killed 49 liberals with an AR15
(05:19 / All) CakeBelyswell23: Thye conveniently leave the last part out
(05:23 / All) A1mless: that act actually causes peace
(05:30 / All) |cffff1492Gaia: islam is responsible for 99% of violent terrorism globally and 99.9% of terrorist deaths in the US since 2000
(05:30 / Allies) respectFEMlNISM: purp i feed
(05:32 / Allies) respectFEMlNISM: u get fast chims
(05:49 / All) |cffff1492Gaia: not talking about 1500 bitch
(05:51 / All) |cffff1492Gaia: talking about now
(05:54 / All) Amir: the west before 1500 were totaly savages
(06:06 / All) CakeBelyswell23: Not really true
(06:19 / All) A1mless: paris existed in 900
(06:19 / All) Amir: the humanity had come from africa & the east the west doesnt exist
(06:42 / All) A1mless: in the dark ages Europe still had very modern cities
(06:43 / All) A1mless: like paris
(06:48 / All) CakeBelyswell23: Arabs and Islam wasn't responsible for any advancements by Islam
(06:55 / All) CakeBelyswell23: Persians and Alexandrian Greeks were
(06:57 / Allies) GirlGamer: ty
(06:59 / All) CakeBelyswell23: And the Levantine
(07:08 / All) |cffff1492Gaia: muslims destroyed the great intellectual wealth of arabia
(07:09 / All) Amir: THE ONLY CIVILISATION WHO RISE IN EUROPE WAS THE VANDALS LITTLE BIT VIKING
(07:09 / All) CakeBelyswell23: Arabs were and always have been violent savages
(07:20 / Allies) CakeBelyswell23: and have only gotten worse by religiously prescribed inbreeding
(07:21 / All) |cffff1492Gaia: now the average IQ of predominately muslim nations is 80
(07:24 / All) Amir: ROMAN GREEKS ARE MIX OF 3 CONTINENTS
(07:32 / All) Amir: 1 ORIGINS SLAVIC TURKISH
(07:36 / All) CakeBelyswell23: Roman patricians wouldn't have looked like Al Capone
(07:45 / All) CakeBelyswell23: Slavs didn;'t exist until 800 AD
(07:49 / Allies) respectFEMlNISM: get ancietnt of wind
(07:50 / Allies) respectFEMlNISM: purp
(07:59 / All) |cffff1492Gaia: wrong
(08:30 / All) Amir: THE EUROPE HAD RAISED BECAUSE THEY HAD STOLE ALL THE LIBARARY ON ANDALUCIA
(08:57 / All) Amir: HITLER WAS NEVER A CRIMINAL
(08:59 / All) CakeBelyswell23: Western thought is its own
(09:10 / All) Amir: EUROPE MADE 100 MILLION GENOCIDE
(09:11 / All) CakeBelyswell23: Look up Oswald Spengler
(09:23 / All) |cffff1492Gaia: western thought is the product of the enlightenment which actually started in europe
(09:25 / All) Amir: USA AFTER 1945 20 MILLIONS DEATH 1 TRILLIONS OF DOLLARS STILENS
(11:00 / All) Amir: THE ISLAMIC CALIPHATE HAD STOOD 1.3 THOUSAND YEAR
(11:23 / All) Amir: WE WILL SEE HOW MUCH WILL STAND THE WEST DOMINATION NOW ITS 500 YEARS WE ALREADY SEEING THE DECLINE
(11:33 / All) CakeBelyswell23: Mudslimes must fuck off back to the deserts from whence they came
(11:36 / All) A1mless: west has imported muslims
(11:40 / All) A1mless: so EUrope will die
(12:03 / All) Amir: THE NUMBERS 1 STATISTICS ITS THE POWERFULL ARGUMENT EVER
(12:03 / All) |cffff1492Gaia: PC liberals attempting to take in members of the murderous death cult known as islam will be the death of europeon democracy
(12:07 / All) CakeBelyswell23: Our God Emperor President Donald J. Trump sets a shining example for the rest of the West
(12:09 / All) Amir: WE WILL SEE
(12:17 / All) CakeBelyswell23: Soon the Mudslimes will be cast back to the desert
(12:25 / All) CakeBelyswell23: You have to go back
(13:00 / All) Amir: THE 6 POOR BILLION VS TH 1 B RICH
(13:17 / All) Amir: THE VICTORIOUS WILL DETERMINATE THE FUTURE OF HUMANITY
(13:34 / Allies) respectFEMlNISM: rape this
(14:11 / All) GirlGamer: ty
(14:43 / All) respectFEMlNISM: GG
(14:43 / Allies) GirlGamer: lol
(14:44 / All) respectFEMlNISM: Gl next game
(14:45 / All) respectFEMlNISM: gj team
(14:53 / Allies) respectFEMlNISM: tpppp
(15:06 / Allies) A1mless: too late
(15:18 / Allies) CakeBelyswell23: run wisps out, run for the hills!
(18:15 / Allies) respectFEMlNISM: send wood i rape his chims
(18:30 / Allies) GirlGamer: wow i misclicked tp
(18:34 / Allies) respectFEMlNISM: we're fine dw
(18:49 / Allies) respectFEMlNISM: send gold quick
(18:50 / Allies) CakeBelyswell23: pink perhaps maphax
(19:20 / Allies) respectFEMlNISM: moregold
(20:03 / All) respectFEMlNISM: TPPPPP
(20:03 / Allies) A1mless: tp
(20:05 / All) respectFEMlNISM: FIGHT TIME BITCHES
(20:42 / All) |cffff1492Gaia: easy
(20:43 / Allies) A1mless: lol
(21:11 / Allies) respectFEMlNISM: ye we lost yellow had nothing
(22:09 / Allies) respectFEMlNISM: green bladestorm
(22:11 / Allies) respectFEMlNISM: the archers
(22:24 / Allies) GirlGamer: about to going to buy potion rn for invul
(23:40 / All) Amir: real genocide on wc
(23:42 / All) GirlGamer: gg lol
(23:49 / All) GirlGamer: yellow didnt make a single unit lol
(23:50 / All) Amir: For racist
(23:51 / All) Hitdawg: that was good
(24:05 / All) |cffff1492Gaia: did yellow hae a hero
(24:17 / All) CakeBelyswell23: No I watch jeopardy
(24:21 / All) |cffff1492Gaia: ohh
(24:23 / All) |cffff1492Gaia: how was it
(24:27 / All) CakeBelyswell23: first break
(31:22 / All) |cffff1492Gaia: ?
(31:26 / All) |cffff1492Gaia: wheres ur last buildingm an